 Dungeon Crawl Stone Soup version 0.29-a0-92-gee772dd00f (webtiles) character file.

Game seed: 8091253023728503947

3 IdlyInterested the Skirmisher (level 1, -4/18 HPs)
             Began as a Demonspawn Wanderer on Feb 9, 2022.
             Slain by a kobold (19 damage)
             ... on level 1 of the Dungeon.
             The game lasted 00:01:18 (241 turns).

IdlyInterested the Skirmisher (Demonspawn Wanderer)  Turns: 241, Time: 00:01:19

Health: -4/18      AC:  4    Str: 14    XL:     1   Next: 41%
Magic:  1/1        EV: 11    Int: 11    God:
Gold:   0          SH:  0    Dex: 12    Spells: 0/0 levels left

rFire   . . .      SeeInvis .   a - +3 falchion
rCold   . . .      Faith    .   (no shield)
rNeg    . . .      Spirit   .   d - +0 leather armour
rPois   .          Reflect  .   (no helmet)
rElec   .          Harm     .   (no cloak)
rCorr   .          Rampage  .   f - +0 pair of gloves
Will    .....                   (no boots)
Stlth   +.........              (no amulet)
HPRegen 0.06/turn               (no ring)
MPRegen 0.07/turn               (no ring)

@: no status effects
A: no striking features
a: no special abilities


You were on level 1 of the Dungeon.
You visited 1 branch of the dungeon, and saw 1 of its levels.

Inventory:

Hand Weapons
 a - a +3 falchion (weapon)
 c - a +0 dagger
Missiles
 b - 13 poisoned darts (quivered)
Armour
 d - a +0 leather armour (worn)
 f - a +0 pair of gloves (worn)
Potions
 e - a potion of resistance {unknown}


   Skills:
 - Level 3.0 Fighting
 + Level 1.8 Long Blades
 - Level 1.7 Throwing
 * Level 1.1 Armour
 * Level 1.1 Stealth
 - Level 1.0 Evocations


You couldn't memorise any spells.
You didn't know any spells.
Your spell library was empty.

Dungeon Overview and Level Annotations

Branches:
Dungeon (1/15)

Altars:


Message History

The giant cockroach is severely wounded.
The giant cockroach closely misses you. x2
You hit the giant cockroach but do no damage.
The giant cockroach is heavily wounded.
The giant cockroach bites you but does no damage.
You barely miss the giant cockroach.
The giant cockroach is heavily wounded.
The giant cockroach barely misses you.
The giant cockroach bites you but does no damage.
You slash the giant cockroach!
You kill the giant cockroach!
A kobold and a hobgoblin come into view.
The kobold is wielding a +0 short sword of electrocution.
Found a robe.
You see here a scroll labelled QIPIMI QAAMO.
A frilled lizard comes into view.
The frilled lizard hisses angrily.
You see here a +0 pair of gloves.
f - a +0 pair of gloves You closely miss the frilled lizard.
The frilled lizard barely misses you.
You closely miss the frilled lizard.
The frilled lizard bites you but does no damage.
You closely miss the frilled lizard. The frilled lizard bites you.
The frilled lizard barely misses you.
You closely miss the frilled lizard. The frilled lizard misses you.
You hit the frilled lizard.
You kill the frilled lizard!
You start putting on your armour.
You continue putting on your +0 pair of gloves. x4
You finish putting on your +0 pair of gloves.
You start resting.
HP restored.
The hobgoblin shouts!
You see here a scroll labelled QIPIMI QAAMO.
Found 5 poisoned darts.
Found a stone staircase leading down.
You closely miss the kobold.
The kobold hits you with a +0 short sword of electrocution.
You barely miss the kobold. The kobold hits you but does no damage.
You are electrocuted!!
Ouch! That really hurt!
You die...

#..†###.....#....#
#...##..#####....#
##.#....## ######
#.....######.##
####..#.####.....#
........?......[..
#####....##........
.........##........
.........@Kg.......
####....##........
#....##........
#....###(....>.
#....# .......
#....# .......
#....# .......
#....# ..... ######


You could see a hobgoblin and a kobold.

Vanquished Creatures
  A ball python (D:1)
  A giant cockroach (D:1)
  A frilled lizard (D:1)
3 creatures vanquished.

Notes
Turn   | Place    | Note
-------+----------+-------------------------------------------
     0 | D:1      | IdlyInterested the Demonspawn Wanderer began the quest for
                  | the Orb.
     0 | D:1      | IdlyInterested set off with the following items: a +3
                  | falchion, 13 poisoned darts, a +0 dagger, a +0 leather
                  | armour
     0 | D:1      | Reached XP level 1. HP: 18/18 MP: 1/1
   241 | D:1      | Slain by a kobold

Illustrated notes

Levels and vault maps discovered:
D:1:      saegor_arrival_miasma, layout_rooms

Action                   || total
-------------------------++-------
Melee: Falchion          ||    19
       Punch             ||     1
Armor: Leather armour    ||     7
Dodge: Dodged            ||    10

Table legend: (Time is in decaauts)
 A = Elapsed time spent in this place.
 B = Non-inter-level travel time spent in this place.
 C = Inter-level travel time spent in this place.
 D = Time resting spent in this place.
 E = Time spent auto-exploring this place.
 F = Levels seen in this place.
 G = Mean time per level.
                   A        B        C        D        E       F      G
               +--------+--------+--------+--------+--------+-----+--------+
         Total |    244 |    244 |      0 |    168 |     16 |   1 |  244.0 |
       Dungeon |    244 |    244 |      0 |    168 |     16 |   1 |  244.0 |
               +--------+--------+--------+--------+--------+-----+--------+

Top non-repeatable levels by time:
     D:1: 244 daAuts
